[ PARTIDA AOE2 · #506002559 ]
UnrankedMongoles vs Cumans
Equipo del jugador · VICT
Equipo rival · DERR
[ ANÁLISIS DE REPETICIÓN · EXTRAÍDO DE LA PARTIDA GRABADA ]
Feudal
—
Castillos
—
Imperial
—
| APM promedio | 56.7 |
| APM pico | 94 |
| eAPM promedio | 17.7 |
| Aldeanos / militares | 29 / 5 |
Foco
⚔️ 24.5% · 🌾 75.5%
Militia ×5
Feudal
—
Castillos
—
Imperial
—
| APM promedio | 97.5 |
| APM pico | 125 |
| eAPM promedio | 18.9 |
| Aldeanos / militares | 28 / 0 |
Foco
⚔️ 22.0% · 🌾 78.0%
Mapa de la partida
Recursos iniciales + cada clic de construcción. Líneas = muros · curvas = relieve. ◆ oro · ⬟ piedra · ● bayas · ✦ reliquia · ◌ hueco del cierre
Tu base
Base de hK | Romell13
Terreno inicial suavizado · ◌ = hueco del cierre detectado · pasá el cursor para detalles
Inputs por minuto
— Fs.Jubileu - - hK | Romell13
Build order — Fs.Jubileu
40 acciones detectadas en el replay
| 0:00 | Crear | Villager (Male) |
| 0:00 | Crear | Villager (Male) |
| 0:00 | Crear | Villager (Male) |
| 0:00 | Crear | Villager (Male) |
| 0:00 | Crear | Villager (Male) |
| 0:00 | Crear | Villager (Male) |
| 0:00 | Crear | Villager (Male) |
| 0:00 | Crear | Villager (Male) |
| 0:00 | Crear | Villager (Male) |
| 0:00 | Crear | Villager (Male) |
| 0:01 | Crear | Villager (Male) |
| 0:01 | Crear | Villager (Male) |
| 0:02 | Construir | House |
| 0:03 | Construir | House |
| 1:27 | Crear | Villager (Male) |
| 1:28 | Crear | Villager (Male) |
| 1:59 | Crear | Villager (Male) |
| 1:59 | Crear | Villager (Male) |
| 2:25 | Crear | Villager (Male) |
| 2:39 | Construir | Barracks |
| 2:44 | Crear | Villager (Male) |
| 2:44 | Crear | Villager (Male) |
| 3:05 | Construir | House |
| 3:17 | Crear | Villager (Male) |
| 3:54 | Crear | Villager (Male) |
| 3:57 | Crear | Militia |
| 3:57 | Crear | Militia |
| 4:01 | Construir | House |
| 4:15 | Crear | Villager (Male) |
| 4:17 | Construir | House |
| 4:20 | Crear | Militia |
| 4:33 | Crear | Villager (Male) |
| 4:46 | Crear | Militia |
| 4:54 | Crear | Villager (Male) |
| 5:22 | Crear | Villager (Male) |
| 5:25 | Crear | Militia |
| 5:50 | Crear | Villager (Male) |
| 5:57 | Crear | Villager (Male) |
| 6:19 | Crear | Villager (Male) |
| 6:39 | Crear | Villager (Male) |
Build order — hK | Romell13
35 acciones detectadas en el replay
| 0:01 | Crear | Villager (Male) |
| 0:02 | Crear | Villager (Male) |
| 0:02 | Crear | Villager (Male) |
| 0:02 | Crear | Villager (Male) |
| 0:03 | Construir | House |
| 0:04 | Construir | House |
| 1:24 | Crear | Villager (Male) |
| 1:24 | Crear | Villager (Male) |
| 1:41 | Crear | Villager (Male) |
| 1:41 | Crear | Villager (Male) |
| 2:16 | Crear | Villager (Male) |
| 2:20 | Construir | Lumber Camp |
| 2:38 | Crear | Villager (Male) |
| 2:38 | Crear | Villager (Male) |
| 2:52 | Crear | Villager (Male) |
| 2:52 | Crear | Villager (Male) |
| 3:08 | Crear | Villager (Male) |
| 3:09 | Crear | Villager (Male) |
| 3:35 | Crear | Villager (Male) |
| 3:35 | Crear | Villager (Male) |
| 3:58 | Crear | Villager (Male) |
| 3:58 | Crear | Villager (Male) |
| 4:11 | Crear | Villager (Male) |
| 4:20 | Construir | House |
| 4:23 | Construir | Mill |
| 5:16 | Crear | Villager (Male) |
| 5:16 | Crear | Villager (Male) |
| 5:26 | Investigar | Loom |
| 5:26 | Investigar | Loom |
| 5:57 | Crear | Villager (Male) |
| 5:57 | Crear | Villager (Male) |
| 6:14 | Crear | Villager (Male) |
| 6:25 | Crear | Villager (Male) |
| 6:38 | Crear | Villager (Male) |
| 6:45 | Crear | Villager (Male) |
Cronología de la partida
| 2:39 | Fs.Jubileu · first_building Barracks |
| 7:07 | hK | Romell13 · resign |
[ ANÁLISIS IA · 1 CRÉDITO ]
¿Qué pasó realmente en esta partida?
Wolo.gg analiza cada decisión: build order, eco, micro, errores típicos por bracket. Análisis personalizado por WhatsApp o Discord en 30 segundos.
Guía civ
Mongoles
Perfil
Jugador #1175237